 Dungeon Crawl Stone Soup version 0.28.0-47-ge53b351184 (webtiles) character file.

Game seed: 1748439941420916501

788 bobregger the Basher (level 7, -4/70 HPs)
             Began as an Ogre Berserker on Apr 25, 2022.
             Was a Priest of Trog.
             Slain by an iguana (15 damage)
             ... on level 5 of the Dungeon.
             The game lasted 00:05:59 (6105 turns).

bobregger the Basher (Ogre Berserker)               Turns: 6105, Time: 00:06:00

Health: -4/70      AC:  3    Str: 20 (22) XL:     7   Next: 87%
Magic:  7/7        EV: 10    Int:  5 (8)  God:    Trog [***...]
Gold:   169        SH:  5    Dex:  7 (10) Spells: 6/6 levels left

rFire   . . .      SeeInvis .   u - +0 dire flail (holy)
rCold   . . .      Faith    .   (shield currently unavailable)
rNeg    . . .      Spirit   .   b - +0 animal skin
rPois   .          Reflect  +   (helmet restricted)
rElec   .          Harm     +   (no cloak)
rCorr   .          Rampage  .   (gloves unavailable)
Will    ++...                   (boots unavailable)
Stlth   +.........              j - amulet "Nokocuon" {Reflect Harm SH+5}
HPRegen 1.21/turn               (no ring)
MPRegen 0.10/turn               (no ring)

@: strong-willed, on berserk cooldown, regenerating, slowed, very slow
A: large, unfitting armour, tough skin 1
a: Renounce Religion, Berserk, Trog's Hand


You were on level 5 of the Dungeon.
You worshipped Trog.
Trog was most pleased with you.
You visited 1 branch of the dungeon, and saw 5 of its levels.

You collected 169 gold pieces.

Inventory:

Hand Weapons
 u - a +0 dire flail of holy wrath (weapon)
Missiles
 h - a throwing net (quivered)
Armour
 b - a +0 animal skin (worn)
Jewellery
 d - a ring of ice
 e - a ring of fire
 j - the amulet "Nokocuon" (around neck) {Reflect Harm SH+5}
   (You found it on level 2 of the Dungeon)

   [amulet of reflection]

   It reflects blocked missile attacks.
   SH:        It affects your SH (+5).
   Harm:      It increases damage dealt and taken.
Wands
 v - a wand of paralysis (4)
Scrolls
 c - 3 scrolls of identify {unknown}
 f - a scroll of enchant armour {unknown}
 g - a scroll of silence {unknown}
 l - a scroll of magic mapping {unknown}
 p - a scroll of enchant weapon {unknown}
 q - a scroll of fog {unknown}
 s - a scroll of immolation {unknown}
 t - a scroll of amnesia {unknown}
Potions
 i - 2 potions of degeneration
 m - 4 potions of heal wounds {unknown}
 n - a potion of might {unknown}
 o - 2 potions of curing {unknown}


   Skills:
 - Level 4.0 Fighting
 + Level 8.3 Maces & Flails
 - Level 2.6 Dodging


You had 6 spell levels left.
You didn't know any spells.
Your spell library was empty.

Dungeon Overview and Level Annotations

Branches:
Dungeon (5/15)
 Temple: D:4-7

Altars:
The Shining One

Shops:
D:5 *

Annotations:
D:4 Menkaure, Robin


Innate Abilities, Weirdness & Mutations

You are too large for most types of armour.
You have tough skin. (AC +1)


Message History

The hound barely misses you.
You puncture the hound!
The hound is heavily wounded.
The hound bites you but does no damage. The hound barely misses you.
The centaur shouts!
You sock the hound!
You kill the hound!
Trog accepts your kill.
The centaur drinks a potion.
The centaur flickers and vanishes!
Deactivating autopickup; reactivate with Ctrl-A.
The ice beast hits you. The ice beast freezes you!
You block the ice beast's attack. The phantom hits you!
* * * LOW HITPOINT WARNING * * *
The phantom blinks!
You blink.
You feel the effects of Trog's Hand fading.
The phantom hits you!
* * * LOW HITPOINT WARNING * * *
The phantom blinks!
You blink.
As you read the scroll of teleportation, it crumbles to dust.
You feel strangely unstable. The phantom barely misses you.
You block the bullfrog skeleton's attack.
The phantom barely misses you.
Your skin crawls.
You feel strong-willed. The bullfrog skeleton hits you.
* * * LOW HITPOINT WARNING * * *
You block the bullfrog skeleton's attack.
The phantom hits you!
* * * LOW HITPOINT WARNING * * *
The phantom blinks!
You blink.
Your surroundings suddenly seem different.
An iguana comes into view.
Found a leather armour, 24 gold pieces and a rapier.
It was a potion of degeneration.
There was something very wrong with that liquid.
You feel weakened.
You feel dopey.
You feel clumsy.
It was a potion of magic.
Magic courses through your body.
The iguana hisses angrily.
The iguana bites you!
You die...

..##.....##
..........##
...........#
........)..#
.....$.....#
...........#
........[..#
.......@...#
....$..l..##
..##.....##
#######


You could see an iguana.

Vanquished Creatures
  Edmund (D:3)
  Duvessa (D:4)
  A phantom (D:4)
  A kobold brigand (D:4)
  A scorpion (D:3)
  Dowan (D:4)
  A hound (D:5)
  2 iguanas
  Ijyb (D:4)
  2 adders
  7 gnolls
  A river rat (D:4)
  2 dart slugs
  8 orcs
  4 endoplasms
  2 giant cockroaches
  13 goblins
  10 hobgoblins
  30 kobolds
  A quokka (D:2)
  8 ball pythons
  4 bats
  6 frilled lizards
  10 rats
118 creatures vanquished.

Vanquished Creatures (others)
  6 plants
6 creatures vanquished.

Grand Total: 124 creatures vanquished

Notes
Turn   | Place    | Note
-------+----------+-------------------------------------------
     0 | D:1      | bobregger the Ogre Berserker began the quest for the Orb.
     0 | D:1      | Reached XP level 1. HP: 24/24 MP: 1/1
   198 | D:1      | Found a faded altar of an unknown god.
   270 | D:1      | Reached skill level 3 in Maces & Flails
   301 | D:1      | Reached XP level 2. HP: 30/32 MP: 2/2
   984 | D:1      | Reached XP level 3. HP: 32/39 MP: 3/3
  1051 | D:1      | Reached ** piety under Trog
  1457 | D:2      | Identified the amulet "Nokocuon" {Reflect Harm SH+5}
  1721 | D:2      | Reached skill level 4 in Maces & Flails
  2010 | D:2      | Reached XP level 4. HP: 48/48 MP: 4/4
  3175 | D:3      | Reached skill level 5 in Maces & Flails
  3372 | D:3      | Reached XP level 5. HP: 54/54 MP: 5/5
  4210 | D:3      | Found a glowing golden altar of the Shining One.
  4500 | D:4      | Noticed Edmund
  4514 | D:3      | Killed Edmund
  4515 | D:3      | Reached skill level 6 in Maces & Flails
  4515 | D:3      | Reached XP level 6. HP: 40/62 MP: 6/6
  4790 | D:4      | Reached skill level 7 in Maces & Flails
  4790 | D:4      | Reached XP level 7. HP: 32/70 MP: 7/7
  5070 | D:4      | Noticed Duvessa
  5070 | D:4      | Noticed Dowan
  5087 | D:4      | Killed Duvessa
  5092 | D:4      | Killed Dowan
  5388 | D:4      | Noticed Ijyb
  5395 | D:4      | Paralysed by Ijyb for 2 turns
  5405 | D:4      | Paralysed by Ijyb for 3 turns
  5409 | D:4      | Killed Ijyb
  5619 | D:4      | Reached skill level 8 in Maces & Flails
  5621 | D:4      | Reached *** piety under Trog
  6058 | D:4      | Noticed Robin
  6062 | D:4      | Noticed Menkaure
  6090 | D:5      | Entered Level 5 of the Dungeon
  6090 | D:5      | Found Xaebat's General Store.
  6105 | D:5      | Slain by an iguana

Illustrated notes

Levels and vault maps discovered:
D:1:      minmay_arrival_split_and_join, layout_rooms,
          shapermc_ecumenical_altar_hornbeckon
D:2:      layout_loops_corners, grunt_ministairs_14, minivault_11, minivault_14,
          serial_bayou_ford_a
D:3:      layout_loops_ring, tso_oasis_becter
D:4:      kennysheep_kobold_camp, layout_loops_ring, portal_sewer_entry_b,
          minmay_lizard_king, uniq_menkaure, uniq_duvessa, uniq_robin,
          uniq_edmund, uniq_ijyb
D:5:      layout_rooms, minmay_temple_entry_statues_pillars,
          hangedman_abyss_or_decor_lesser_grid, nicolae_stop_n_shop_2

Skill      XL: |  1  2  3  4  5  6  7 |
---------------+----------------------+-----
Maces & Flails | 3 4 5 6 7 8 |  8.3
Fighting       | |  4.0
Dodging        | |  2.6

Action                   |  1- 3 |  4- 6 |  7- 9 || total
-------------------------+-------+-------+-------++-------
Melee: Mace              |   107 |    32 |       ||   139
       Punch             |     2 |     2 |       ||     4
       Flail             |       |    63 |       ||    63
       Dire flail        |       |    14 |   148 ||   162
Invok: Berserk           |     2 |     2 |     3 ||     7
       Trog's Hand       |       |     1 |     4 ||     5
  Use: Potion            |       |     2 |     3 ||     5
       Scroll            |       |       |     2 ||     2
 Stab: Sleeping          |       |     1 |       ||     1
Armor: Animal skin       |    39 |    30 |    23 ||    92
       Skin              |       |     5 |   104 ||   109
Dodge: Dodged            |    63 |    74 |    56 ||   193
Block: Other             |       |       |    37 ||    37
